[Event "Late Titled Tuesday Blitz February 8 2022"]
[White "Abdrlauf, Elham"]
[Black "Mogranzini, Roberto"]
[WhiteFideId "1533533"]
[BlackFideId "810894"]
[WhiteElo "2334"]
[BlackElo "2469"]
[Result "1-0"]
[Round "01"]
[TimeControl "180+1"]
[Date "2022.02.08"]
[WhiteClock "0:00:04"]
[BlackClock "0:00:01"]

1. e4 d6 2. d4 Nf6 3. Nc3 e5 4. Nf3 Nbd7 5. Bc4 Be7 6. O-O O-O 7. Re1 c6 8. a4 a5 9. h3 Nb6 10. Bb3 Nfd7 11. Be3 exd4 12. Nxd4 Nc5 13. Ba2 Nbxa4 14. Nxa4 Nxa4 15. c3 Nc5 16. Nf5 Bxf5 17. exf5 d5 18. f6 Bd6 19. fxg7 Re8 20. Qg4 Qf6 21. Bd4 Qg6 22. Qf3 Re4 23. Rxe4 Nxe4 24. Re1 Re8 25. c4 c5 26. Bc3 d4 27. Bxa5 Re6 28. Bb1 Ng5 29. Qd1 Nxh3+ 30. Kf1 Qh6 31. Rxe6 Qxe6 32. gxh3 Qxh3+ 33. Ke1 Bf4 34. Qe2 Qh1+ 35. Qf1 Qf3 36. Qe2 Qh1+ 37. Qf1 Qf3 38. Bd3 Qc6 39. Qe2 1-0


[Site "https://www.chess.com"]

[Event "Late Titled Tuesday Blitz February 8 2022"]
[White "Adewumi, Tanitoluwa"]
[Black "Moroni, Luca Jr"]
[WhiteFideId "30966396"]
[BlackFideId "865834"]
[WhiteElo "2446"]
[BlackElo "2573"]
[Result "0-1"]
[Round "01"]
[TimeControl "180+1"]
[Date "2022.02.09"]
[WhiteClock "0:00:28"]
[BlackClock "0:01:10"]

1. Nf3 g6 2. d4 Bg7 3. c4 d6 4. Nc3 Nc6 5. e4 Bg4 6. Be3 e5 7. dxe5 Nxe5 8. Be2 Nxf3+ 9. gxf3 Bh3 10. Bd4 Bxd4 11. Qxd4 Qf6 12. Qe3 Ne7 13. O-O-O a6 14. Nd5 Nxd5 15. exd5+ Qe7 16. Bd3 Qxe3+ 17. fxe3 Bg2 18. Rhg1 Bxf3 19. Rdf1 Bh5 20. Kd2 Ke7 21. Rf4 f6 22. Rgf1 Rhf8 23. Re4+ Kf7 24. Rh4 Rae8 25. Rg1 Re5 26. Rg3 Rfe8 27. Rf4 Kg7 28. h4 R8e7 29. b3 a5 30. a3 b6 31. b4 axb4 32. axb4 Re8 33. e4 Ra8 34. Rg2 Ra2+ 35. Bc2 g5 36. Kc3 Bg6 37. Kb3 Rxc2 0-1


[Site "https://www.chess.com"]

[Event "Late Titled Tuesday Blitz February 8 2022"]
[White "Alfaro, William"]
[Black "Hasangatin, Ramil"]
[WhiteFideId "6100457"]
[BlackFideId "4122160"]
[WhiteElo "2066"]
[BlackElo "2375"]
[Result "0-1"]
[Round "01"]
[TimeControl "180+1"]
[Date "2022.02.09"]
[WhiteClock "0:00:02"]
[BlackClock "0:00:59"]

1. c4 e5 2. Nc3 Bb4 3. g3 Bxc3 4. dxc3 d6 5. Bg2 Nc6 6. Nf3 Be6 7. b3 h6 8. O-O Qd7 9. e4 Bh3 10. Ne1 Bxg2 11. Kxg2 Nge7 12. Nc2 f5 13. exf5 Qxf5 14. Ne3 Qg6 15. Nd5 O-O-O 16. Be3 Kb8 17. Qb1 Nf5 18. Qe4 Rhf8 19. f3 Rf7 20. b4 Rdf8 21. Bg1 Nfe7 22. Qxg6 Nxg6 23. Rad1 Nge7 24. Nxe7 Nxe7 25. c5 d5 26. Rde1 Ng6 27. Be3 Kc8 28. c6 b6 29. b5 Re8 30. Rd1 Rd8 31. a4 Ne7 32. Rfe1 Nf5 33. Bf2 Re7 34. g4 Nd6 35. h4 Nc4 36. h5 Ree8 37. Bh4 Rd6 38. Bg3 a6 39. Rd3 a5 40. Red1 Nb2 41. Rxd5 Nxd1 0-1


[Site "https://www.chess.com"]

[Event "Late Titled Tuesday Blitz February 8 2022"]
[White "Ambartsumova, Karina"]
[Black "Haussernot, Cecile"]
[WhiteFideId "4166299"]
[BlackFideId "601632"]
[WhiteElo "2262"]
[BlackElo "2288"]
[Result "1-0"]
[Round "01"]
[TimeControl "180+1"]
[Date "2022.02.09"]
[WhiteClock "0:00:04"]
[BlackClock "0:00:21"]

1. d4 d5 2. Nf3 Nf6 3. c4 c6 4. g3 dxc4 5. Bg2 e6 6. Ne5 Bb4+ 7. Nc3 O-O 8. O-O Nbd7 9. Nxc4 Qe7 10. a3 Bxc3 11. bxc3 Rd8 12. a4 Nb6 13. Ba3 Qc7 14. Ne5 Nfd5 15. Qb3 a5 16. e4 Nf6 17. Rab1 Nbd7 18. Nc4 c5 19. e5 Nd5 20. Nd6 Ne7 21. Nxc8 Raxc8 22. Qxb7 Nf5 23. Rfd1 cxd4 24. cxd4 Qc2 25. Qb3 Qe2 26. Qf3 Qa2 27. Qb3 Qe2 28. Bf3 Qa6 29. Bb7 Qe2 30. Bxc8 Rxc8 31. Qd3 Qg4 32. Rbc1 Rd8 33. Bb2 h5 34. Re1 h4 35. Qe4 Qg5 36. Qf4 Qg6 37. Rcd1 Nb6 38. Qf3 Nc4 39. Bc3 Rb8 40. d5 Rb3 41. d6 hxg3 42. hxg3 Nh4 43. Qd3 Qg4 44. d7 Nf3+ 45. Kg2 Nh4+ 46. Kf1 Qh3+ 47. Ke2 Qg4+ 48. f3 Qxg3 49. d8=Q# 1-0


[Site "https://www.chess.com"]

[Event "Late Titled Tuesday Blitz February 8 2022"]
[White "Andreikin, Dmitry"]
[Black "Migot, Tangi"]
[WhiteFideId "4158814"]
[BlackFideId "662445"]
[WhiteElo "2736"]
[BlackElo "2541"]
[Result "1-0"]
[Round "01"]
[TimeControl "180+1"]
[Date "2022.02.08"]
[WhiteClock "0:02:09"]
[BlackClock "0:00:26"]

1. d4 d5 2. c4 c6 3. Nf3 e6 4. Nbd2 Nf6 5. g3 c5 6. Bg2 Nc6 7. cxd5 exd5 8. O-O cxd4 9. a3 Bd6 10. b4 O-O 11. Bb2 d3 12. exd3 Bf5 13. Nb3 a5 14. b5 Na7 15. a4 Nc8 16. Nh4 Be6 17. Nd4 Nb6 18. Ndf5 Bxf5 19. Nxf5 Bc5 20. Qc1 Nbd7 21. Bxd5 Nxd5 22. Qh6 Qg5 23. Qxg5 1-0


[Site "https://www.chess.com"]

[Event "Late Titled Tuesday Blitz February 8 2022"]
[White "Andrews, Todd"]
[Black "Ramirez, Alejandro"]
[WhiteFideId "2012456"]
[BlackFideId "6500617"]
[WhiteElo "2440"]
[BlackElo "2694"]
[Result "1/2-1/2"]
[Round "01"]
[TimeControl "180+1"]
[Date "2022.02.09"]
[WhiteClock "0:00:36"]
[BlackClock "0:00:25"]

1. e4 c5 2. Nf3 e6 3. d3 Nc6 4. g3 b5 5. Bg2 Bb7 6. O-O d6 7. Nbd2 Nf6 8. Re1 Be7 9. c3 O-O 10. a4 b4 11. Nc4 Ba6 12. Ne3 Rb8 13. Qc2 Nd7 14. Bd2 Nde5 15. Nxe5 dxe5 16. Bf1 Qd7 17. Nc4 Rfd8 18. Rad1 b3 19. Qb1 Bxc4 20. dxc4 Na5 21. Bg5 Qe8 22. Bxe7 Qxe7 23. Rxd8+ Rxd8 24. Rd1 g5 25. Rd3 Qe8 26. Qd1 Rxd3 27. Qxd3 Kg7 28. Qd6 Qxa4 29. Qxe5+ Kg6 30. h4 h6 31. h5+ Kh7 32. Qc7 Kg7 33. Qxc5 Qa1 34. Qxa7 g4 35. c5 Qxb2 36. Qxa5 Qc1 37. c6 b2 38. Qe5+ Kh7 39. Qf6 b1=Q 40. Qxf7+ Kh8 41. Qf8+ Kh7 42. Qf7+ Kh8 43. Qf8+ Kh7 44. Qf7+ 1/2-1/2


[Site "https://www.chess.com"]

[Event "Late Titled Tuesday Blitz February 8 2022"]
[White "Baches Garcia, Guillermo"]
[Black "Krzyzanowski, Marcin"]
[WhiteFideId "2209764"]
[BlackFideId "1132199"]
[WhiteElo "2450"]
[BlackElo "2396"]
[Result "0-1"]
[Round "01"]
[TimeControl "180+1"]
[Date "2022.02.09"]
[WhiteClock "0:00:02"]
[BlackClock "0:00:57"]

1. e4 e5 2. Nf3 Nc6 3. Nc3 Nf6 4. d4 exd4 5. Nxd4 Bb4 6. Nxc6 bxc6 7. Bd3 d5 8. Bd2 O-O 9. O-O Bg4 10. Qc1 Re8 11. Re1 h6 12. h3 Bh5 13. exd5 cxd5 14. a3 Bxc3 15. Bxc3 d4 16. Rxe8+ Nxe8 17. Bb4 Qd5 18. Qf4 Bg6 19. Bxg6 fxg6 20. Qf8+ Kh7 21. Qe7 a5 22. Bc5 Nf6 23. Qxc7 Ne4 24. b4 axb4 25. Bxb4 Qf5 26. Rf1 Rc8 27. Qb6 Qd5 28. Rd1 Rxc2 29. Qxd4 Qf5 30. Rf1 h5 31. Qe3 Ra2 32. h4 Nf6 33. Qg5 Qd3 34. Be7 Ng4 35. Bb4 Qd4 36. Qc1 Nxf2 37. Kh2 Qxh4+ 0-1


[Site "https://www.chess.com"]

[Event "Late Titled Tuesday Blitz February 8 2022"]
[White "Baker, Chris W"]
[Black "Tregubov, Pavel V."]
[WhiteFideId "401676"]
[BlackFideId "4115341"]
[WhiteElo "2123"]
[BlackElo "2341"]
[Result "1/2-1/2"]
[Round "01"]
[TimeControl "180+1"]
[Date "2022.02.09"]
[WhiteClock "0:00:16"]
[BlackClock "0:00:11"]

1. e4 c5 2. b4 cxb4 3. a3 d5 4. exd5 Nf6 5. axb4 Nxd5 6. c3 e5 7. Bc4 Be7 8. Nf3 e4 9. Nd4 O-O 10. d3 Nxb4 11. dxe4 N4c6 12. O-O Bf6 13. Be3 Ne5 14. Be2 Nbc6 15. f4 Ng6 16. Na3 Re8 17. e5 Be7 18. Nab5 a6 19. Nxc6 bxc6 20. Nd4 Qc7 21. Bf3 Bb7 22. Rb1 Rad8 23. Rxb7 Qxb7 24. Bxc6 Qc7 25. Bxe8 Rxe8 26. Qb3 Rb8 27. Qc2 Rc8 28. Ra1 Qxc3 29. Qxc3 Rxc3 30. Nf5 Rc6 31. Kf2 Bf8 32. Nd4 Rb6 33. Kf3 h5 34. g3 Bc5 35. Nf5 Bxe3 36. Nxe3 Ne7 37. Ra4 Rb3 38. Ke4 Rb2 39. Rxa6 Rxh2 40. Ra8+ Kh7 41. Ra7 Ng6 42. Rxf7 h4 43. gxh4 Rxh4 44. Rxg7+ Kxg7 45. Nf5+ Kf7 46. Nxh4 Nxh4 47. f5 Ke7 48. e6 Kf6 49. Kd3 Nxf5 50. e7 Kxe7 1/2-1/2


[Site "https://www.chess.com"]

[Event "Late Titled Tuesday Blitz February 8 2022"]
[White "Balaji, Aaravamudhan"]
[Black "Gaisinsky, Adam"]
[WhiteFideId "436224"]
[BlackFideId "2620561"]
[WhiteElo "2085"]
[BlackElo "1965"]
[Result "1-0"]
[Round "01"]
[TimeControl "180+1"]
[Date "2022.02.09"]
[WhiteClock "0:02:11"]
[BlackClock "0:00:19"]

1. Nf3 d5 2. g3 Nf6 3. Bg2 c5 4. O-O Nc6 5. d4 cxd4 6. Nxd4 e5 7. Nxc6 bxc6 8. c4 Bc5 9. Nc3 Be6 10. Qa4 Qd7 11. cxd5 cxd5 12. Qxd7+ Kxd7 13. Rd1 Bd4 14. Na4 Rac8 15. Bg5 Rc4 16. b3 Rxa4 17. bxa4 Bxa1 18. Rxa1 Rb8 19. Rd1 Kd6 20. f4 Rb2 21. e4 d4 22. fxe5+ Kc5 23. exf6 gxf6 24. Bxf6 Rb4 25. Be7+ 1-0


[Site "https://www.chess.com"]

[Event "Late Titled Tuesday Blitz February 8 2022"]
[White "Balint, Vilmos"]
[Black "Domingo Nunez, Alejandro"]
[WhiteFideId "718050"]
[BlackFideId "22245561"]
[WhiteElo "2059"]
[BlackElo "2215"]
[Result "0-1"]
[Round "01"]
[TimeControl "180+1"]
[Date "2022.02.09"]
[WhiteClock "0:00:10"]
[BlackClock "0:00:25"]

1. e4 c6 2. d4 d5 3. e5 Bf5 4. Nf3 e6 5. Be2 c5 6. O-O Nc6 7. c4 dxc4 8. Be3 Nge7 9. Bxc4 cxd4 10. Nxd4 Nxe5 11. Bb5+ N5c6 12. Nxf5 Qxd1 13. Rxd1 Nxf5 14. Bf4 Be7 15. g4 Nh4 16. Bg3 O-O 17. Rd7 Rfd8 18. Rxd8+ Rxd8 19. Nc3 Rd2 20. b3 Nd4 21. Ne4 Ndf3+ 22. Kh1 Rd4 23. Nc3 Bf6 24. Rc1 h6 25. Ne2 Rd2 26. a4 a6 27. Bc4 Ng6 28. h3 Nge5 29. Nf4 Bg5 30. Rc3 Rd1+ 31. Kg2 Rg1# 0-1


[Site "https://www.chess.com"]

[Event "Late Titled Tuesday Blitz February 8 2022"]
[White "Barp, Alberto"]
[Black "Gatterer, Florian"]
[WhiteFideId "872555"]
[BlackFideId "811688"]
[WhiteElo "2229"]
[BlackElo "2218"]
[Result "1-0"]
[Round "01"]
[TimeControl "180+1"]
[Date "2022.02.09"]
[WhiteClock "0:00:12"]
[BlackClock "0:00:28"]

1. d4 d5 2. c4 c6 3. Nf3 Nf6 4. e3 a6 5. Bd3 g6 6. O-O Bg7 7. Nc3 dxc4 8. Bxc4 b5 9. Be2 O-O 10. Ne5 Bb7 11. Bf3 Nfd7 12. Nd3 Qc8 13. Bd2 c5 14. Bxb7 Qxb7 15. dxc5 b4 16. Na4 a5 17. Rc1 Nc6 18. b3 Rfd8 19. Qe2 Qb5 20. Rfe1 Nf6 21. Ndb2 Qxe2 22. Rxe2 Ne4 23. Be1 Rab8 24. Nc4 Nc3 25. Nxc3 bxc3 26. g3 a4 27. bxa4 Nb4 28. Bxc3 Nd3 29. Rcc2 Rb1+ 30. Kg2 Bxc3 31. Rxc3 Ne1+ 32. Kh3 Nf3 33. Rec2 h5 34. Rc1 Rb4 35. Kg2 Ng5 36. a5 Ne4 37. R3c2 h4 38. gxh4 g5 39. hxg5 Rd5 40. h4 f6 41. gxf6 Nxf6 42. Rb2 Ra4 43. a6 Rxa6 44. Nb6 Rd8 45. c6 Nd5 46. Nxd5 Rxd5 47. c7 Ra8 48. c8=Q+ Rxc8 49. Rxc8+ Kf7 50. Kf3 Rd6 51. Ke2 Rd5 52. Rcc2 Ra5 53. Rb4 Kf6 54. Rcb2 Ra3 55. R4b3 Ra4 56. Rb4 Ra3 57. Kf3 e6 58. Rb5 Ra4 59. Rb6 Ra3 60. Rc6 Ra4 61. Rbb6 Kf5 62. Kg2 Rg4+ 63. Kf1 Rxh4 64. Rxe6 Rh1+ 65. Ke2 Rc1 66. Red6 Ke5 67. Rd2 Rc8 68. Rbd6 Ra8 69. R6d5+ Ke6 70. f4 Ra3 71. Rd6+ Kf5 72. Kf3 Ra5 73. R2d5+ Rxd5 74. Rxd5+ Ke6 75. Rd4 1-0


[Site "https://www.chess.com"]

[Event "Late Titled Tuesday Blitz February 8 2022"]
[White "Beerdsen, Thomas"]
[Black "Avazkhonov, Alikhon"]
[WhiteFideId "1030108"]
[BlackFideId "14208504"]
[WhiteElo "2585"]
[BlackElo "1739"]
[Result "1-0"]
[Round "01"]
[TimeControl "180+1"]
[Date "2022.02.09"]
[WhiteClock "0:01:44"]
[BlackClock "0:00:04"]

1. e4 c6 2. d4 d5 3. f3 g6 4. Nc3 Bg7 5. Be3 Qb6 6. a3 Nf6 7. e5 Nfd7 8. f4 O-O 9. Nf3 e6 10. h4 a5 11. h5 a4 12. Bd3 c5 13. hxg6 hxg6 14. Qd2 c4 15. Be2 Nc6 16. f5 exf5 17. Bh6 1-0


[Site "https://www.chess.com"]

[Event "Late Titled Tuesday Blitz February 8 2022"]
[White "Bernadskiy, Vitaliy"]
[Black "Pavlidou, Ekaterini"]
[WhiteFideId "14100371"]
[BlackFideId "4213262"]
[WhiteElo "2473"]
[BlackElo "2127"]
[Result "1-0"]
[Round "01"]
[TimeControl "180+1"]
[Date "2022.02.09"]
[WhiteClock "0:00:14"]
[BlackClock "0:00:23"]

1. e4 c5 2. a3 Nf6 3. e5 Nd5 4. b4 e6 5. c4 Nc7 6. bxc5 Bxc5 7. d4 Be7 8. Qg4 Kf8 9. Nf3 d5 10. Nc3 Nc6 11. c5 b6 12. cxb6 axb6 13. Bd3 Ba6 14. Bxa6 Rxa6 15. O-O h6 16. Qf4 g5 17. Qd2 b5 18. Bb2 g4 19. Ne1 Bg5 20. Qd1 f5 21. Nd3 h5 22. Nc5 Rb6 23. Na2 Be7 24. Nb4 Na5 25. Nbd3 Nc4 26. Bc3 Kf7 27. Bb4 Na6 28. Kh1 h4 29. Kg1 g3 30. h3 Rh6 31. Qe2 gxf2+ 32. Rxf2 Qg8 33. Raf1 Bg5 34. Kh1 Nb8 35. Nxe6 Rbxe6 36. Rxf5+ Kg6 37. R5f2 Be7 38. Rf5 Kg7 39. Rg5+ Rhg6 40. Bxe7 Rxe7 41. Rxg6+ Kxg6 42. Rf6+ Kg7 43. Qh5 Qh7 44. Qg5+ 1-0


[Site "https://www.chess.com"]

[Event "Late Titled Tuesday Blitz February 8 2022"]
[White "Bongo Akanga Ndjila, Barthelemy"]
[Black "Risteski, Emil"]
[WhiteFideId "10609431"]
[BlackFideId "15005267"]
[WhiteElo "1803"]
[BlackElo "2070"]
[Result "0-1"]
[Round "01"]
[TimeControl "180+1"]
[Date "2022.02.09"]
[WhiteClock "0:00:04"]
[BlackClock "0:00:59"]

1. d4 d6 2. c4 Nf6 3. Nc3 g6 4. e4 Bg7 5. Be2 O-O 6. Nf3 Nbd7 7. O-O e5 8. Be3 c6 9. Rc1 Qe7 10. h3 Kh8 11. Qd2 Ng8 12. Bg5 Bf6 13. Bxf6+ Ngxf6 14. d5 c5 15. Qh6 Ng8 16. Qe3 f5 17. Qg5 Ndf6 18. exf5 gxf5 19. Nh4 Qg7 20. Qxg7+ Kxg7 21. f4 e4 22. Nb5 Rd8 23. Nc7 Rb8 24. Ne6+ Bxe6 25. dxe6 Ne7 26. g4 Ne8 27. gxf5 Kf6 28. Bg4 Ng7 29. Rce1 Nexf5 30. Bxf5 Nxf5 31. Nxf5 Kxf5 32. Rf2 Rg8+ 33. Kh2 Rbe8 34. Rd2 Rxe6 35. Rd5+ Kf6 36. Re3 Rd8 37. Kg3 Re7 38. f5 Re5 39. Kf4 Rxd5 40. cxd5 Re8 41. Rxe4 Rxe4+ 42. Kxe4 b5 43. b3 a5 44. h4 h5 45. a4 bxa4 46. bxa4 Ke7 47. Kf4 Kf7 0-1


[Site "https://www.chess.com"]

[Event "Late Titled Tuesday Blitz February 8 2022"]
[White "Boros, Denes"]
[Black "Nilsson, Joakim"]
[WhiteFideId "722340"]
[BlackFideId "1723383"]
[WhiteElo "2464"]
[BlackElo "2207"]
[Result "1-0"]
[Round "01"]
[TimeControl "180+1"]
[Date "2022.02.09"]
[WhiteClock "0:00:18"]
[BlackClock "0:00:18"]

1. d4 d5 2. Nf3 Nf6 3. Nc3 Bf5 4. Bg5 Nbd7 5. Nh4 Be6 6. e3 c6 7. Bd3 g6 8. O-O h6 9. Bxf6 Nxf6 10. f4 Bg4 11. Qe1 e6 12. Kh1 Bf5 13. Nf3 Bb4 14. a3 Bxc3 15. bxc3 Ne4 16. c4 h5 17. Rb1 Qe7 18. Kg1 Kf8 19. Qb4 Qxb4 20. Rxb4 b6 21. Ne5 Rc8 22. c5 b5 23. Rb2 f6 24. Nf3 Ke7 25. a4 a6 26. Ra1 Ra8 27. Nh4 Rhg8 28. axb5 axb5 29. Rba2 Rxa2 30. Rxa2 Rd8 31. Nxf5+ exf5 32. Ra6 Rc8 33. Kf1 g5 34. Ra7+ Ke6 35. fxg5 fxg5 36. Ke2 h4 37. Rh7 Rf8 38. Rc7 f4 39. Rxc6+ Kf5 40. Rd6 Kg4 41. Bxe4 dxe4 42. c6 h3 43. gxh3+ Kxh3 44. Rg6 f3+ 45. Kf2 Rc8 46. d5 Kg4 47. Rg7 Kf5 48. c3 Kf6 49. Rh7 Ke5 50. Rd7 g4 51. c7 Rh8 52. Rd8 Rxh2+ 53. Kg3 Rg2+ 54. Kh4 f2 55. c8=Q f1=Q 56. Qe6# 1-0


[Site "https://www.chess.com"]

[Event "Late Titled Tuesday Blitz February 8 2022"]
[White "Brunner, Nicolas"]
[Black "Nepomniachtchi, Ian"]
[WhiteFideId "620246"]
[BlackFideId "4168119"]
[WhiteElo "2372"]
[BlackElo "2740"]
[Result "1/2-1/2"]
[Round "01"]
[TimeControl "180+1"]
[Date "2022.02.08"]
[WhiteClock "0:00:05"]
[BlackClock "0:00:25"]

1. d4 Nf6 2. c4 g6 3. Nf3 Bg7 4. Nc3 d5 5. Bg5 dxc4 6. e4 c5 7. d5 b5 8. d6 Bb7 9. dxe7 Qxe7 10. e5 Nbd7 11. Qe2 Bxf3 12. exf6 Bxe2 13. fxg7 Qe5 14. gxh8=Q+ Qxh8 15. Bxe2 b4 16. Nd5 Qxb2 17. Rd1 f6 18. Nc7+ Ke7 19. Nxa8 fxg5 20. O-O Ne5 21. Rfe1 Kf6 22. Nc7 c3 23. Nd5+ Kg7 24. Ne3 Qxa2 25. Rd5 c2 26. Rxe5 Qb2 27. Rxc5 b3 28. Rc7+ Kf8 29. Bd3 Qe5 30. Rc8+ Kg7 31. Nxc2 Qd6 32. Be4 Qd2 33. Kf1 bxc2 34. Rxc2 Qd4 35. f3 a5 36. Ke2 g4 37. Rd1 gxf3+ 38. gxf3 Qe5 39. Kf1 Kh6 40. Rd5 Qa1+ 41. Kg2 a4 42. Ra5 a3 43. Ra7 Qd4 44. Rxa3 Qe5 45. Rb3 Qg5+ 46. Kf2 Qh4+ 47. Kg2 Qg5+ 48. Kh1 Qh4 49. Rbc3 Qe1+ 50. Kg2 Qh4 51. Rc5 Qf4 52. h3 Qe3 53. Rc7 Qg5+ 54. Kh1 Qg3 55. R7c5 Qe1+ 56. Kg2 Qe3 57. R5c3 Qg5+ 58. Kh2 Qf4+ 59. Kg2 Qg5+ 60. Kh2 Qf4+ 61. Kh1 Qg3 62. Rc6 Qe1+ 63. Kg2 Qe3 64. R6c3 Qg5+ 1/2-1/2


[Site "https://www.chess.com"]

[Event "Late Titled Tuesday Blitz February 8 2022"]
[White "Buscar, Michael"]
[Black "Rorrer, Grayson"]
[WhiteFideId "2603616"]
[BlackFideId "30944996"]
[WhiteElo "2010"]
[BlackElo "2122"]
[Result "0-1"]
[Round "01"]
[TimeControl "180+1"]
[Date "2022.02.09"]
[WhiteClock "0:00:02"]
[BlackClock "0:00:15"]

1. c4 e5 2. Nf3 e4 3. Nd4 Nc6 4. Nc2 f5 5. g3 Nf6 6. Bg2 Be7 7. Nc3 O-O 8. d3 exd3 9. Qxd3 Nb4 10. Nxb4 Bxb4 11. O-O Bxc3 12. Qxc3 Qe7 13. Qc2 d6 14. b3 Ne4 15. Bb2 Bd7 16. Rad1 a5 17. a3 Bc6 18. Rfe1 f4 19. f3 Nc5 20. gxf4 Qe3+ 21. Kh1 Qxb3 22. Qxb3 Nxb3 23. e3 Nc5 24. Rg1 Rae8 25. e4 Rxf4 26. Bh3 g6 27. Rg3 Ref8 28. Kg2 Bxe4 29. Rg1 Bxf3+ 30. Kf2 Ne4+ 31. Ke3 Nxg3 32. Be6+ R4f7 33. Bxf7+ Rxf7 34. Rxg3 Bc6 35. Rg1 Rf3+ 36. Ke2 Rh3 37. Bd4 Rxh2+ 38. Ke3 Rh3+ 39. Kf4 Rxa3 40. Re1 Kf7 0-1


[Site "https://www.chess.com"]

[Event "Late Titled Tuesday Blitz February 8 2022"]
[White "Carbone, Diego"]
[Black "Levine, David"]
[WhiteFideId "3002179"]
[BlackFideId "2011611"]
[WhiteElo "2199"]
[BlackElo "2115"]
[Result "1-0"]
[Round "01"]
[TimeControl "180+1"]
[Date "2022.02.09"]
[WhiteClock "0:00:56"]
[BlackClock "0:00:21"]

1. d4 Nf6 2. c4 g6 3. g3 Bg7 4. Bg2 O-O 5. Nc3 d6 6. Nf3 Nbd7 7. O-O e5 8. e4 exd4 9. Nxd4 Re8 10. h3 a6 11. Be3 Rb8 12. a4 a5 13. Ndb5 b6 14. Qc2 Nc5 15. Rad1 Qe7 16. Rfe1 Be6 17. b3 h6 18. Kh2 Nfd7 19. Nxc7 Red8 20. N7d5 Qf8 21. f4 f5 22. exf5 Bxf5 23. Qe2 Re8 24. Nb5 Nxb3 25. Ndc7 Nbc5 26. Nxe8 Rxe8 27. Nxd6 Ne4 28. Nxe8 Ndc5 29. Nxg7 1-0


[Site "https://www.chess.com"]

[Event "Late Titled Tuesday Blitz February 8 2022"]
[White "Chernomordik, Pavel"]
[Black "Jones, Gawain C B"]
[WhiteFideId "2804530"]
[BlackFideId "409561"]
[WhiteElo "2249"]
[BlackElo "2657"]
[Result "0-1"]
[Round "01"]
[TimeControl "180+1"]
[Date "2022.02.08"]
[WhiteClock "0:00:01"]
[BlackClock "0:00:03"]

1. e4 e5 2. Nf3 Nc6 3. Bb5 a6 4. Ba4 Nf6 5. Qe2 b5 6. Bb3 Bc5 7. a4 Rb8 8. axb5 axb5 9. d3 d6 10. h3 O-O 11. Bg5 Be6 12. Nbd2 Bb6 13. O-O h6 14. Bh4 g5 15. Bg3 Nh5 16. Kh1 Nf4 17. Bxf4 gxf4 18. c3 Qf6 19. Nh2 Kh7 20. Qh5 Rg8 21. Ng4 Qg6 22. Qxg6+ Rxg6 23. Bxe6 fxe6 24. Nf3 h5 25. Ngh2 Rbg8 26. Nh4 R6g7 27. N2f3 b4 28. Kg1 Rb8 29. Rfc1 Kg8 30. Kf1 Kf7 31. Ng1 Kf6 32. Nhf3 Rbg8 33. Ne1 d5 34. Ngf3 Rd7 35. Ke2 Rb8 36. c4 Nd4+ 37. Nxd4 Bxd4 38. Rcb1 Rg7 39. Ra6 dxe4 40. dxe4 b3 41. Kf1 Rb4 42. Rc6 Ra4 43. Nd3 Ra5 44. c5 Ra4 45. Nc1 Rb4 46. Nd3 Rc4 47. Ra6 Rc2 48. Rd1 Bxb2 49. Rb1 Bd4 50. Rxb3 Rg8 51. Ra7 Rc8 52. Ra6 Rd2 53. Ke1 Rc2 54. Kd1 Rc4 55. Ke2 Bxc5 56. Rc6 Rxe4+ 57. Kf3 Rd4 58. Nxc5 Re8 59. Ne4+ Kf5 60. Nc5 e4+ 61. Ke2 Red8 62. Rb2 R8d6 63. Rxd6 cxd6 64. Nb3 Rb4 65. Rb1 e5 66. Nd2 Ra4 67. Rb6 Ke6 0-1


[Site "https://www.chess.com"]

[Event "Late Titled Tuesday Blitz February 8 2022"]
[White "Chigaev, Maksim"]
[Black "Kashefi, Amir Hosein"]
[WhiteFideId "4108116"]
[BlackFideId "12557935"]
[WhiteElo "2502"]
[BlackElo "2098"]
[Result "0-1"]
[Round "01"]
[TimeControl "180+1"]
[Date "2022.02.08"]
[WhiteClock "0:00:11"]
[BlackClock "0:00:07"]

1. d4 Nf6 2. Nf3 d5 3. c4 c6 4. g3 Bf5 5. Nc3 e6 6. Qb3 Qb6 7. c5 Qc7 8. Bf4 Qc8 9. Bg2 Nbd7 10. O-O Be7 11. Nd2 O-O 12. e4 dxe4 13. Ndxe4 Nxe4 14. Nxe4 Bxe4 15. Bxe4 Nf6 16. Bf3 Rd8 17. Rad1 Nd5 18. Bc1 Bf6 19. Rd3 Rd7 20. Rfd1 Qc7 21. a3 Rad8 22. Qc2 Ne7 23. Be4 Rxd4 24. Bxh7+ Kh8 25. Be4 Rxd3 26. Rxd3 Rxd3 27. Qxd3 Nd5 28. Kg2 Qe5 29. Qf3 Kg8 30. h4 Qd4 31. b4 Qc3 32. Qd1 Qc4 33. Bd3 Qd4 34. Bc2 Qxd1 35. Bxd1 Nc3 36. Bb3 Nd5 37. Kf3 Kf8 38. Ke4 Nc3+ 39. Kd3 Nd5 40. h5 Ne7 41. g4 Bh4 42. f4 Nd5 43. Bc4 Nf6 44. f5 exf5 45. gxf5 Nxh5 46. b5 Be7 47. Be3 Nf6 48. b6 a6 49. a4 a5 50. Bd2 Nd7 51. Bxa5 Nxc5+ 52. Kc2 Nxa4 53. Bf1 Bc5 54. Kb3 Nxb6 55. Bg2 f6 56. Bc3 Ke7 57. Bd2 Bd6 58. Be3 Nd7 59. Bc1 Ne5 60. Kc3 Nf7 61. Kd4 Nh6 62. Ke4 Nf7 63. Bf1 Ne5 64. Be2 b5 65. Be3 b4 66. Bd4 c5 67. Bxe5 fxe5 68. Kd5 b3 69. Bd3 b2 70. Kc4 Kf6 71. Kb3 Kg5 72. Kxb2 Kf4 73. Kb3 e4 74. Bc2 Kxf5 75. Kc4 Ke5 76. Bd1 Be7 77. Be2 g5 78. Bd1 Kf4 79. Kd5 g4 80. Be2 g3 81. Bf1 e3 82. Bh3 e2 83. Bf1 e1=Q 0-1


[Site "https://www.chess.com"]

[Event "Late Titled Tuesday Blitz February 8 2022"]
[White "Christiansen, Johan-Sebastian"]
[Black "Polanco Nunez, Yoel Estarling"]
[WhiteFideId "1512668"]
[BlackFideId "6401783"]
[WhiteElo "2513"]
[BlackElo "2132"]
[Result "1-0"]
[Round "01"]
[TimeControl "180+1"]
[Date "2022.02.09"]
[WhiteClock "0:00:49"]
[BlackClock "0:00:06"]

1. e4 e5 2. Nf3 Nc6 3. Nc3 Nf6 4. a3 Be7 5. d4 d6 6. Bb5 exd4 7. Nxd4 Bd7 8. Nxc6 bxc6 9. Bd3 O-O 10. O-O d5 11. Re1 Bc5 12. Bg5 h6 13. Bh4 g5 14. Bg3 Be6 15. Na4 Be7 16. e5 Nd7 17. b4 c5 18. c3 Kg7 19. Bc2 c6 20. Qd3 Rh8 21. Rad1 a5 22. Rb1 axb4 23. axb4 cxb4 24. cxb4 Qc7 25. Nc3 Rab8 26. b5 Nc5 27. Qd4 cxb5 28. Nxb5 Qd7 29. Nd6 Ne4 30. Bxe4 dxe4 31. Qxe4 Rhd8 32. h4 Ra8 33. Rb7 Ra4 34. Qb1 Bxd6 35. Rxd7 Rxd7 36. exd6 Ra2 37. hxg5 hxg5 38. Be5+ Kf8 39. Qb8+ 1-0


[Site "https://www.chess.com"]

[Event "Late Titled Tuesday Blitz February 8 2022"]
[White "Chyngyz, Sultai"]
[Black "Romanchuk, Viktor"]
[WhiteFideId "13803158"]
[BlackFideId "14109271"]
[WhiteElo "1339"]
[BlackElo "2242"]
[Result "0-1"]
[Round "01"]
[TimeControl "180+1"]
[Date "2022.02.09"]
[WhiteClock "0:00:17"]
[BlackClock "0:00:11"]

1. e4 e6 2. d4 d5 3. e5 c5 4. c3 Nc6 5. Nf3 Bd7 6. Be2 f6 7. O-O Qb6 8. dxc5 Bxc5 9. exf6 Nxf6 10. b4 Be7 11. Be3 Qc7 12. Nbd2 O-O 13. Nb3 Ne4 14. Rc1 a5 15. b5 Ne5 16. a4 Nxc3 17. Nxe5 Nxe2+ 18. Qxe2 Qxe5 19. Nd4 Rac8 20. Nb3 Bb4 21. Qg4 Qf6 22. Bd4 Qh6 23. Rxc8 Bxc8 24. Be5 Rf5 25. Bg3 e5 26. Rd1 Rf8 27. Qe2 e4 28. Rxd5 Be6 29. Qxe4 Bxd5 30. Qxd5+ Kh8 31. h3 Qg6 32. Kh2 Qf7 33. Qd3 h6 34. Nd4 Qd5 35. Qe3 Bc5 36. Be5 Kg8 37. Qg3 Rf7 38. Nf3 Bxf2 39. Qg6 Bc5 40. Qg4 Bd6 41. Qc8+ Kh7 42. Qc2+ g6 43. Bxd6 Qxd6+ 44. Kg1 Qb6+ 45. Kh1 Qe3 46. Qc4 Re7 47. Kh2 Qe6 48. Qf4 Rf7 49. Qh4 Qf6 50. Qg4 Qf4+ 51. Qxf4 Rxf4 52. Ne5 Rxa4 53. Nd7 Rb4 54. Nc5 Rxb5 55. Ne6 a4 56. Nd4 Rb4 57. Nc2 Rb2 58. Na3 b5 59. Nc4 bxc4 60. Kg3 a3 61. Kh4 a2 62. g4 a1=Q 63. g5 hxg5+ 64. Kg4 Rg2+ 65. Kf3 Qf1+ 66. Ke4 Re2+ 67. Kd4 Qf4+ 68. Kc5 Re5+ 69. Kb4 c3+ 70. Kxc3 Re3+ 71. Kb2 Qf2+ 72. Kc1 Re1# 0-1


[Site "https://www.chess.com"]